 Dungeon Crawl Stone Soup version 0.29-a0-286-g41199d4a87 (webtiles) character file.

Game seed: 17837458252781146997

47882 Armakuni the Purifying Human (level 14, -2/110 HPs)
             Began as a Human Wanderer on Mar 16, 2022.
             Was a High Priest of Elyvilon.
             Slain by Rupert the fenstrider witch
             ... wielding a +6 executioner's axe of freezing
              (10 damage)
             ... while paralysed by Rupert
             ... on level 5 of the Lair of Beasts.
             The game lasted 00:52:51 (20831 turns).

Armakuni the Purifying Human (Human Wanderer)      Turns: 20831, Time: 00:52:52

Health: -2/110     AC: 24    Str: 17    XL:     14   Next: 84%
Magic:  22/23      EV:  2    Int: 16    God:    Elyvilon [*****.]
Gold:   1535       SH:  0    Dex: 12    Spells: 10/17 levels left

rFire   . . .      SeeInvis .   a - +3 quarterstaff
rCold   . . .      Faith    .   (shield currently unavailable)
rNeg    . . .      Spirit   .   g - +4 troll leather armour
rPois   .          Reflect  .   (no helmet)
rElec   .          Harm     .   y - +2 cloak {rCorr}
rCorr   +          Rampage  .   e - +2 pair of gloves
Will    .....                   t - +2 pair of boots
Stlth   ++........              M - amulet of magic regeneration
HPRegen 1.08/turn               P - +4 ring of protection
MPRegen 0.58/turn               (no ring)

@: paralysed, lethally poisoned (-2 -> -11), weak-willed
A: iridescent scales 1, thin skeletal structure 1
a: Renounce Religion, Purification, Heal Other, Heal Self, Divine Vigour


You were on level 5 of the Lair of Beasts.
You worshipped Elyvilon.
Elyvilon was extremely pleased with you.
You visited 3 branches of the dungeon, and saw 20 of its levels.
You also visited: Bailey.

You collected 1535 gold pieces.

Inventory:

Hand Weapons
 a - a +3 quarterstaff (weapon)
 f - a +4 hand crossbow
Armour
 e - a +2 pair of gloves (worn)
 g - a +4 troll leather armour (worn)
 t - a +2 pair of boots (worn)
 y - a +2 cloak of preservation (worn)
 J - a +0 buckler
Magical Staves
 b - a staff of poison
 G - a staff of conjuration
Jewellery
 M - an amulet of magic regeneration (around neck)
 P - a +4 ring of protection (left hand)
Wands
 p - a wand of polymorph (19)
 v - a wand of flame (16)
Scrolls
 c - 6 scrolls of teleportation
 o - 3 scrolls of magic mapping
 s - a scroll of fear
 x - 2 scrolls of amnesia
 z - 2 scrolls of noise
 A - 5 scrolls of blinking
 C - 3 scrolls of holy word
 D - a scroll of fog
 K - a scroll of vulnerability
Potions
 d - 2 potions of might
 h - a potion of berserk rage
 i - 2 potions of haste
 k - 3 potions of invisibility
 l - 4 potions of flight
 n - 3 potions of resistance
 q - a potion of cancellation
 r - a potion of lignification
 u - 2 potions of ambrosia
 w - 7 potions of curing
 E - 2 potions of heal wounds {unknown}
 F - 4 potions of attraction
 H - a potion of magic {unknown}
 I - 2 potions of brilliance
 X - 2 potions of mutation


   Skills:
 - Level 10.0 Fighting
 - Level 3.0(8.1) Maces & Flails
 - Level 11.8(12.0) Staves
 - Level 5.0 Armour
 + Level 7.3 Dodging
 - Level 2.0 Spellcasting
 - Level 3.0 Translocations
 - Level 10.0 Poison Magic
 + Level 12.1 Invocations
 - Level 10.0 Evocations


You had 10 spell levels left.
You knew the following spells:

 Your Spells              Type           Power      Damage    Failure   Level
b - Blink                 Tloc           22%        N/A       11%         2
t - Olgreb's Toxic Radia  Pois           33%        N/A       4%          4
z - Apportation           Tloc           22%        N/A       7%          1

Your spell library contained the following spells:

 Spells                   Type           Power      Damage    Failure   Level
 Sting                    Tmut/Pois      68%        1d6       3%          1
 Poisonous Vapours        Pois/Air       34%        N/A       4%          2
 Animate Skeleton         Necr           2%         N/A       24%         1
 Foxfire                  Conj/Fire      4%         2x1d4     24%         1
 Pain                     Necr           4%         1d4       24%         1
 Portal Projectile        Hex/Tloc       12%        N/A       36%         3
 Conjure Flame            Conj/Fire      1%         6-21      58%         3
 Inner Flame              Hex/Fire       1%         N/A       58%         3
 Vampiric Draining        Necr           1%         2d6       58%         3
 Manifold Assault         Tloc           11%        N/A       89%         5
 Cause Fear               Hex            0%         N/A       94%         4
 Flame Wave               Conj/Fire      1%         2d4       94%         4
 Leda's Liquefaction      Hex/Erth       0%         N/A       94%         4
 Agony                    Necr           1%         N/A       100%        5
 Excruciating Wounds      Necr           0%         N/A       100%        5
 Lee's Rapid Deconstruct  Erth           0%         3d5*      100%        5
 Conjure Ball Lightning   Conj/Air       0%         3x3d6     100%        6
 Dispersal                Tloc           5%         N/A       100%        6
 Statue Form              Tmut/Erth      0%         N/A       100%        6
 Storm Form               Tmut/Air       0%         N/A       100%        7
 Discord                  Hex            0%         N/A       100%        8
 Disjunction              Tloc           5%         N/A       100%        8


Dungeon Overview and Level Annotations

Branches:
Dungeon (13/15)            Temple (1/1) D:7            Lair (6/6) D:8
  Swamp (0/4) Lair:4        Snake (0/4) Lair:2        Slime (0/5) Lair:6
 Bailey (visited)
    Orc: D:9-12      Vaults: D:13-14

Altars:
Ashenzari
Cheibriados
Dithmenos
Elyvilon
Fedhas
Gozag
Hepliaklqana
Kikubaaqudgha
Makhleb
Nemelex Xobeh
Okawaru
Qazlal
Ru
Sif Muna
Trog
Uskayaw
Vehumet
Wu Jian
Xom
Yredelemnul
Zin
The Shining One

Shops:
D:9 *

Annotations:
D:4 3 runed translucent doors, mrw0lf's ghost, amateur GnGl
Lair:3 2 transporters, Ajdolov's ghost, journeyman FeSu
Lair:5 Rupert
Lair:6 exclusion: upstairs, Kirke


Innate Abilities, Weirdness & Mutations

You are partially covered in iridescent scales. (AC +2)
You have a somewhat thin skeletal structure. (Dex +2, Stealth+)


Message History

You feel very sick.
Rupert points at you and mumbles some strange words.
You feel a surge of unholy energy.
The cane toad stings you but does no damage.
You can move again.
Unknown command.
Unknown command.
You are healed.
You feel very sick.
Rupert hits you with a +6 executioner's axe of freezing!
* * * LOW HITPOINT WARNING * * *
Rupert freezes you.
* * * LOW HITPOINT WARNING * * *
Rupert kicks you but does no damage. The cane toad barely misses you.
Rupert gestures at you while chanting.
You shrug off the repeated paralysis!
The cane toad closely misses you.
You are healed.
You feel sick. Rupert misses you. Rupert barely misses you.
The cane toad stings you!
* * * LOW HITPOINT WARNING * * *
You barely miss Rupert.
Rupert is severely wounded.
You feel sick. Rupert hits you but does no damage. Rupert kicks you.
* * * LOW HITPOINT WARNING * * *
The cane toad stings you but does no damage.
You sock Rupert!
Rupert is almost dead.
You feel sick.
Rupert points at you and mumbles some strange words.
You suddenly lose the ability to move!
The cane toad stings you but does no damage.
You feel sick. Rupert hits you but does no damage.
Rupert kicks you but does no damage. The cane toad stings you.
* * * LOW HITPOINT WARNING * * *
You are lethally poisoned!
The cane toad poisons you!
* * * LOW HITPOINT WARNING * * *
You feel very sick.
Rupert says, "My Mum always said: 'Kill them all.'" Rupert barely misses you.
Rupert kicks you!
You die...

#......#.............P.##..##
.#.........#P....#.#.##....#
..#....#..##....#### ##...#
..........####.P#######P...##
..........##....##.#.#.....##
.........#.#................#
............................#
..................(........##
.........#.#F@....#..##....# ##
....P....#....H.....###....#
.##....#P.##.............#....##
............#.................P#
..##..........................##
.P..... ...........[.........#
....... ....................P#
..F.... ...............#....##
.....P##.....#.........$......#


You could see Rupert the fenstrider witch and a cane toad.

Vanquished Creatures
  Josephine (Lair:6)
  6 two-headed ogres
  Urug (D:13)
  4 skeletal warriors
  Lodul (D:11)
  A manticore (D:8)
  5 elephants (Lair:4)
  Maggie (Lair:1)
  A torpor snail (Lair:3)
  5 cane toads
  2 rime drakes
  8 komodo dragons
  A troll (D:10)
  8 hornets
  8 polar bears
  A tyrant leech (Lair:4)
  19 blink frogs
  Grinder (D:3)
  2 slime creatures
  12 spriggans
  4 dream sheep (Lair:4)
  6 wyverns
  Sigmund (D:5)
  5 wraiths
  34 yaks
  2 basilisks
  9 vampire mosquitoes
  4 hogs
  A swamp worm (Lair:4)
  Menkaure (D:4)
  2 acid dragons
  2 nagas (Lair:2)
  8 water moccasins
  5 black bears
  2 ice beasts
  A sky beast (D:7)
  4 boggarts (Lair:6)
  6 ogres
  26 wolves
  2 centaurs
  3 phantoms
  10 bullfrogs
  2 kobold brigands
  2 gnoll sergeants
  2 necrophages
  3 scorpions
  9 wights
  10 killer bees
  An electric eel (Lair:1)
  7 howler monkeys
  5 hounds
  4 orc priests
  Crazy Yiuf (D:6)
  3 gnoll shamans
  11 jellies
  Jessica (D:2)
  Terence (D:3)
  10 orc wizards
  2 iguanas
  Natasha (twice) (D:3)
  30 gnolls
  9 adders
  A shadow imp (D:9)
  2 white imps (D:7)
  An ufetubus (D:5)
  2 worms
  A dart slug (D:5)
  22 orcs
  3 bats
  6 endoplasms
  6 giant cockroaches
  8 goblins
  4 hobgoblins
  4 jackals (D:2)
  20 kobolds
  6 quokkas
  8 ball pythons
  6 frilled lizards
  14 rats
  A butterfly (Lair:4)
456 creatures vanquished.

Vanquished Creatures (collateral kills)
  A slime creature (D:12)
1 creature vanquished.

Vanquished Creatures (others)
  A cane toad (Lair:4)
  4 blink frogs (Lair:2)
  A yak (D:8)
  2 vampire mosquitoes (D:10)
  A water moccasin (Lair:6)
  An acid dragon (D:8)
  A black bear (Lair:2)
  A gnoll sergeant (Bailey)
  A bullfrog (Lair:1)
  4 killer bees (D:9)
  A jelly (Lair:6)
  An orc wizard (D:4)
  A gnoll (Bailey)
  A bush (Lair:4)
  41 fungi
  40 plants
102 creatures vanquished.

Grand Total: 559 creatures vanquished

Notes
Turn   | Place    | Note
-------+----------+-------------------------------------------
     0 | D:1      | Armakuni the Human Wanderer began the quest for the Orb.
     0 | D:1      | Armakuni set off with the following items: a +0 flail, a +0
                  | scale mail, a scroll of teleportation; and the following
                  | spell memorised: Apportation; and the following spells
                  | available to memorise: Portal Projectile
     0 | D:1      | Reached XP level 1. HP: 13/13 MP: 3/3
   211 | D:1      | Reached XP level 2. HP: 20/20 MP: 5/5
   233 | D:1      | Reached skill level 1 in Fighting
   233 | D:1      | Reached skill level 1 in Dodging
   713 | D:1      | Reached XP level 3. HP: 26/26 MP: 6/6
  1274 | D:2      | Reached XP level 4. HP: 33/33 MP: 7/7
  1459 | D:2      | Gained mutation: You are partially covered in iridescent
                  | scales. (AC +2) [potion of mutation]
  1459 | D:2      | Gained mutation: You have a somewhat thin skeletal
                  | structure. (Dex +2, Stealth+) [potion of mutation]
  1867 | D:2      | Noticed Jessica
  1873 | D:2      | Killed Jessica
  2157 | D:3      | Noticed Terence
  2170 | D:3      | Killed Terence
  2171 | D:3      | Reached XP level 5. HP: 41/41 MP: 8/8
  2272 | D:3      | Found a faded altar of an unknown god.
  2351 | D:3      | Reached skill level 1 in Staves
  2480 | D:3      | Found a shadowy altar of Dithmenos.
  2480 | D:3      | Noticed Grinder
  2496 | D:3      | Killed Grinder
  2497 | D:3      | Reached XP level 6. HP: 44/47 MP: 9/9
  3014 | D:3      | Noticed Natasha
  3021 | D:3      | Killed Natasha
  3056 | D:3      | Reached XP level 7. HP: 36/52 MP: 10/10
  3235 | D:3      | Noticed Natasha
  3243 | D:3      | Killed Natasha
  3289 | D:3      | Reached skill level 5 in Staves
  3512 | D:4      | Noticed mrw0lf's ghost (amateur GnGl)
  3588 | D:4      | Found a runed translucent gate.
  3588 | D:4      | Found a runed translucent gate.
  3588 | D:4      | Found a runed translucent gate.
  3764 | D:4      | Noticed Menkaure
  3770 | D:4      | Killed Menkaure
  3771 | D:4      | Reached XP level 8. HP: 58/58 MP: 11/11
  3974 | D:4      | Found a white marble altar of Elyvilon.
  3994 | D:4      | Became a worshipper of Elyvilon the Healer
  4428 | D:5      | Entered Level 5 of the Dungeon
  4462 | D:5      | Found an ancient bone altar of Kikubaaqudgha.
  4462 | D:5      | Found a hide-covered altar of Uskayaw.
  4812 | D:5      | Reached * piety under Elyvilon
  5187 | D:5      | Noticed Sigmund
  5207 | D:5      | Killed Sigmund
  5208 | D:5      | Reached XP level 9. HP: 29/63 MP: 12/12
  5668 | D:5      | Reached skill level 10 in Staves
  6863 | D:6      | Found a runed translucent door.
  6864 | D:6      | Noticed Crazy Yiuf
  6874 | D:6      | Killed Crazy Yiuf
  6875 | D:6      | Reached skill level 1 in Invocations
  7096 | D:7      | Found a hazy altar of Hepliaklqana.
  7155 | D:7      | Reached ** piety under Elyvilon
  7231 | D:7      | Reached skill level 2 in Invocations
  7449 | D:7      | Found a staircase to the Ecumenical Temple.
  7579 | Temple   | Entered the Ecumenical Temple
  7926 | D:7      | Noticed a hornet
  7934 | D:7      | Killed a hornet
  7935 | D:7      | Reached skill level 3 in Invocations
  7935 | D:7      | Reached XP level 10. HP: 70/70 MP: 13/13
  7956 | D:7      | Reached skill level 4 in Invocations
  8046 | D:7      | Reached skill level 5 in Invocations
  8092 | D:7      | Found a burning altar of Makhleb.
  8275 | D:7      | Found a glowing silver altar of Zin.
  8625 | D:8      | Found a stormy altar of Qazlal.
  9046 | D:8      | Reached skill level 6 in Invocations
  9144 | D:8      | Reached *** piety under Elyvilon
  9332 | D:8      | Reached skill level 5 in Fighting
  9415 | D:8      | Noticed a manticore
  9441 | D:8      | Killed a manticore
  9442 | D:8      | Reached skill level 7 in Invocations
  9746 | D:8      | Found a staircase to the Lair.
  9951 | Lair:1   | Entered Level 1 of the Lair of Beasts
 10296 | D:8      | Reached skill level 8 in Invocations
 10376 | Lair:1   | Reached XP level 11. HP: 64/79 MP: 17/17
 10520 | Lair:1   | Noticed an eight-headed hydra
 10525 | Lair:1   | Pacified an eight-headed hydra
 10779 | Lair:1   | Reached skill level 9 in Invocations
 10799 | Lair:1   | Reached skill level 5 in Armour
 11042 | Lair:1   | Found a glowing silver altar of Zin.
 11058 | Lair:1   | Noticed an eight-headed hydra
 11059 | Lair:1   | Pacified an eight-headed hydra
 11060 | Lair:1   | Reached skill level 10 in Invocations
 11067 | Lair:1   | Noticed Maggie
 11086 | Lair:1   | Killed Maggie
 11362 | Lair:2   | Found a staircase to the Snake Pit.
 11781 | D:9      | Reached skill level 1 in Poison Magic
 11787 | D:9      | Learned a level 4 spell: Olgreb's Toxic Radiance
 11828 | D:9      | Found a shimmering blue altar of Sif Muna.
 11853 | D:9      | Found a snail-covered altar of Cheibriados.
 11857 | D:9      | Found a shimmering altar of Xom.
 11857 | D:9      | Found a basalt altar of Yredelemnul.
 12053 | D:9      | Identified the +5 great sword "Fuet" {venom, rPois MP-9
                  | Str+2}
 12098 | D:9      | Found a flagged portal.
 12274 | Bailey   | Entered a bailey
 12393 | Bailey   | Reached **** piety under Elyvilon
 12691 | D:9      | Found Akhloothryola's Overcharged Wands.
 12763 | D:9      | Noticed a two-headed ogre
 12774 | D:9      | Killed a two-headed ogre
 13494 | D:10     | Entered Level 10 of the Dungeon
 13715 | D:10     | Reached skill level 5 in Poison Magic
 14392 | D:10     | Reached XP level 12. HP: 79/86 MP: 17/19
 14916 | D:11     | Noticed a two-headed ogre
 14933 | D:11     | Killed a two-headed ogre
 15166 | D:11     | Noticed a two-headed ogre
 15166 | D:11     | Noticed a two-headed ogre
 15168 | D:11     | Noticed Lodul
 15173 | D:11     | Noticed a two-headed ogre
 15193 | D:11     | Killed a two-headed ogre
 15195 | D:11     | Killed Lodul
 15217 | D:11     | Killed a two-headed ogre
 15433 | D:11     | Killed a two-headed ogre
 15460 | D:11     | Noticed a two-headed ogre
 15479 | D:11     | Killed a two-headed ogre
 15681 | D:12     | Reached skill level 10 in Poison Magic
 15715 | D:12     | Noticed a skeletal warrior
 15716 | D:12     | Noticed a skeletal warrior
 15716 | D:12     | Noticed a skeletal warrior
 15716 | D:12     | Noticed a skeletal warrior
 15878 | Lair:2   | Reached skill level 1 in Evocations
 16023 | Lair:2   | Noticed a seven-headed hydra
 16026 | Lair:2   | Pacified a seven-headed hydra
 16130 | Lair:2   | Reached skill level 5 in Evocations
 16452 | Lair:2   | You fall into a shaft and drop 2 floors!
 16470 | Lair:4   | Reached XP level 13. HP: 66/91 MP: 16/20
 16749 | Lair:3   | Reached ***** piety under Elyvilon
 17250 | Lair:3   | Found a transporter.
 17253 | Lair:3   | Found a transporter.
 17481 | Lair:3   | Found a bloodstained altar of Trog.
 17481 | Lair:3   | Noticed Ajdolov's ghost (journeyman FeSu)
 17578 | Lair:4   | Noticed a seven-headed hydra
 17581 | Lair:4   | Pacified a seven-headed hydra
 17582 | Lair:4   | Reached skill level 10 in Evocations
 18039 | Lair:4   | Learned a level 2 spell: Blink
 18143 | Lair:4   | Found a staircase to the Swamp.
 18285 | Lair:5   | Noticed Rupert
 18636 | Lair:5   | Noticed an eight-headed hydra
 18640 | Lair:5   | Pacified an eight-headed hydra
 18641 | Lair:5   | Reached XP level 14. HP: 96/106 MP: 19/21
 18827 | Lair:6   | Entered Level 6 of the Lair of Beasts
 18838 | Lair:5   | Noticed Josephine
 18855 | Lair:6   | Killed Josephine
 18909 | Lair:6   | Noticed Kirke
 19347 | D:11     | Reached skill level 10 in Fighting
 19669 | D:13     | Noticed Urug
 19684 | D:13     | Killed Urug
 19693 | D:13     | Reached skill level 5 in Dodging
 19892 | D:12     | Reached skill level 11 in Invocations
 20513 | Lair:6   | Reached skill level 12 in Invocations
 20687 | Lair:6   | Found a staircase to the Slime Pits.
 20734 | Lair:6   | Noticed a sphinx
 20810 | Lair:5   | Noticed Rupert
 20810 | Lair:5   | Rupert changed into Rupert the fenstrider witch
 20822 | Lair:5   | Paralysed by Rupert for 3 turns
 20824 | Lair:5   | HP: 5/110 [Rupert the fenstrider witch/+6 executioner's axe
                  | of freezing (20)]
 20824 | Lair:5   | Elyvilon protects you from harm!
 20829 | Lair:5   | Paralysed by Rupert for 6 turns
 20831 | Lair:5   | Slain by Rupert the fenstrider witch

Illustrated notes

Levels and vault maps discovered:
D:1:      dpeg_arrival_ratfight, layout_basic
D:2:      minmay_general_purpose_star, layout_basic, uniq_jessica
D:3:      layout_loops_corners, lemuel_round_altar,
          shapermc_ecumenical_altar_mp_urbaneastern, dk_noncrumbling_4,
          uniq_terence, uniq_natasha, uniq_grinder
D:4:      layout_cave_pods, elyvilon_altar_3, gammafunk_ghost_icy, uniq_menkaure
D:5:      layout_gridville, jmf_multi_god_temple, cheibrodos_gnoll_hut,
          uniq_sigmund
D:6:      layout_cave_pools, uniq_crazy_yiuf_cottage
D:7:      layout_basic, mainiacjoe_overflow_brackets,
          mainiacjoe_overflow_surrounded_room, nicolae_overflow_hidden_temple,
          minmay_temple_entry_poolview
D:8:      layout_basic, grunt_qazlal_sundering, lair_entry_dummy, serial_curves,
          eino_curves_02, eino_curves_01, eino_curves_01, eino_curves_02
D:9:      layout_loops_corners, mainiacjoe_overflow_concentric_impassable,
          gammafunk_temple_overflow_forgotten, enter_bailey_8, st_stairs_3,
          minmay_misc_feat_diagonals, nicolae_shop_overcharged_wands
D:10:     layout_basic, chequers_serial_rivers_micro_e
D:11:     layout_roguey, uniq_lodul
D:12:     layout_roguey, david_orc_2
D:13:     layout_irregular_city, grunt_decor_cap, uniq_urug
Temple:   jpeg_temple_alley_garden
Lair:1:   layout_long_grid, basic_altar, serial_bayou_shore_a, uniq_maggie
Lair:2:   layout_hall_layers, minmay_snake_entry_guardpost_small,
          portal_ice_cave_entry_pillars_1
Lair:3:   layout_chaotic_city, gammafunk_ghost_wrathful_warriors,
          serial_bayou_shore_b, grunt_megastairs_4
Lair:4:   layout_loops_ring, minmay_swamp_entry_worms, lemuel_fruit_fields
Lair:5:   layout_gridlike, lemuel_another_geyser, uniq_rupert, uniq_josephine,
          uniq_nessos
Lair:6:   minmay_lair_end_enchanted_forest, layout_regular_city,
          minmay_slime_entry_jelly_boxes, nicolae_volcano_entry_two_sided,
          uniq_kirke

Skill      XL: |  1  2  3  4  5  6  7  8  9 10 11 12 13 14 |
---------------+-------------------------------------------+-----
Fighting       | 1 2 3 5 8 10 | 10.0
Dodging        | 1 2 3 7 |  7.3
Staves         | 4 6 9 11 | 11.8
Invocations    | 3 8 10 12 | 12.1
Armour         | 3 5 |  5.0
Poison Magic   | 6 10 | 10.0
Evocations     | 5 10 | 10.0
Maces & Flails | |  3.0
Spellcasting   | |  2.0
Translocations | |  3.0

Action                   |  1- 3 |  4- 6 |  7- 9 | 10-12 | 13-15 || total
-------------------------+-------+-------+-------+-------+-------++-------
Melee: Flail             |    85 |    97 |       |       |       ||   182
       Punch             |     1 |     2 |       |     1 |     4 ||     8
       Quarterstaff      |       |    54 |   388 |   657 |   251 ||  1350
       Staff             |       |       |       |   128 |   483 ||   611
 Fire: Hand crossbow     |       |       |    23 |     2 |       ||    25
Throw: Dart              |     6 |     1 |    19 |     6 |       ||    32
       Throwing net      |       |       |       |     8 |       ||     8
 Cast: Olgreb's Toxic Ra |       |       |       |    28 |    61 ||    89
Invok: Heal Other        |       |       |       |    16 |     8 ||    24
       Heal Self         |       |       |       |     4 |     7 ||    11
       Purification      |       |       |       |     2 |       ||     2
Evoke: Wand              |       |       |     1 |    33 |    25 ||    59
  Use: Scroll            |     1 |     5 |     4 |    17 |    10 ||    37
       Potion            |       |     3 |     1 |       |       ||     4
 Stab: Paralysed         |       |       |     1 |    13 |       ||    14
       Held in net/web   |       |       |       |     1 |       ||     1
       Sleeping          |       |       |       |     3 |     2 ||     5
       Distracted        |       |       |       |       |     1 ||     1
Armor: Scale mail        |    23 |    59 |   202 |   129 |       ||   413
       Ring mail         |    27 |    36 |       |       |       ||    63
       Steam dragon scal |       |       |       |   171 |       ||   171
       Troll leather arm |       |       |       |   110 |   322 ||   432
Dodge: Dodged            |    41 |    87 |   177 |   488 |   371 ||  1164

Table legend: (Time is in decaauts)
 A = Elapsed time spent in this place.
 B = Non-inter-level travel time spent in this place.
 C = Inter-level travel time spent in this place.
 D = Time resting spent in this place.
 E = Time spent auto-exploring this place.
 F = Levels seen in this place.
 G = Mean time per level.
                   A        B        C        D        E       F      G
               +--------+--------+--------+--------+--------+-----+--------+
         Total |  20357 |  19254 |   1103 |   2744 |  11680 |  21 |  969.4 |
       Dungeon |  14565 |  13883 |    682 |   1995 |   8758 |  13 | 1120.4 |
        Temple |    300 |    263 |     37 |      0 |    252 |   1 |  300.0 |
          Lair |   5292 |   4909 |    383 |    727 |   2601 |   6 |  882.0 |
        Bailey |    199 |    199 |      0 |     22 |     69 |   1 |  199.0 |
               +--------+--------+--------+--------+--------+-----+--------+

Top non-repeatable levels by time:
     D:5: 1758 daAuts
     D:8: 1724 daAuts
     D:9: 1598 daAuts
    D:10: 1384 daAuts
  Lair:1: 1381 daAuts
     D:3: 1301 daAuts
     D:7: 1202 daAuts
     D:1: 1193 daAuts
    D:11: 1106 daAuts
  Lair:4: 1030 daAuts
     D:4: 1005 daAuts
     D:2: 993 daAuts
     D:6: 859 daAuts
  Lair:3: 794 daAuts
  Lair:2: 707 daAuts
